 Dungeon Crawl Stone Soup version 0.28.0-53-g5a82cb258f (webtiles) character file.

Game seed: 16076256760038524263

188 safid the Chopper (level 5, -1/46 HPs)
             Began as a Hill Orc Fighter on Aug 7, 2022.
             Slain by Grinder (3 damage)
             ... while paralysed by Grinder
             ... on level 3 of the Dungeon.
             The game lasted 00:01:56 (2321 turns).

safid the Chopper (Hill Orc Fighter)                Turns: 2321, Time: 00:01:57

Health: -1/46      AC:  7    Str: 21    XL:     5   Next: 67%
Magic:  5/5        EV: -1    Int:  8    God:
Gold:   62         SH:  0    Dex: 10    Spells: 4/4 levels left

rFire   . . .      SeeInvis .   a - +0 war axe
rCold   . . .      Faith    .   c - +0 buckler
rNeg    . . .      Spirit   .   b - +0 scale mail
rPois   .          Reflect  .   (no helmet)
rElec   .          Harm     .   (no cloak)
rCorr   .          Rampage  .   (no gloves)
Will    .....                   (no boots)
Stlth   ..........              (no amulet)
HPRegen 0.15/turn               (no ring)
MPRegen 0.09/turn               (no ring)

@: paralysed, constricted
A: no striking features
a: no special abilities


You were on level 3 of the Dungeon.
You visited 1 branch of the dungeon, and saw 3 of its levels.

You collected 62 gold pieces.

Inventory:

Hand Weapons
 a - a +0 war axe (weapon)
Missiles
 i - 5 boomerangs (quivered)
Armour
 b - a +0 scale mail (worn)
 c - a +0 buckler (worn)
Scrolls
 f - a scroll of identify {unknown}
 n - a scroll of teleportation {unknown}
 o - a scroll of vulnerability {unknown}
Potions
 d - 2 potions of might
 e - a potion of haste {unknown}
 g - a potion of brilliance {unknown}
 h - a potion of mutation {unknown}
 j - a potion of attraction {unknown}
 k - 2 potions of curing {unknown}
 l - a potion of magic {unknown}
 m - a potion of lignification {unknown}


   Skills:
 - Level 4.0 Fighting
 + Level 6.2 Axes
 - Level 4.0 Armour
 - Level 4.0 Shields


You had 4 spell levels left.
You didn't know any spells.
Your spell library was empty.

Dungeon Overview and Level Annotations

Branches:
Dungeon (3/15)

Altars:

Shops:
D:2 *

Annotations:
D:3 Grinder


Message History

You slash Grinder!
Grinder is moderately wounded.
Grinder says, "DUCK!"
Grinder hits you.
You writhe in agony.
You barely miss Grinder.
Grinder is moderately wounded.
Grinder hits you but does no damage. Grinder hits you!
You writhe in agony.
You hit Grinder.
Grinder is heavily wounded.
Grinder says, "Just stop there for a second..."
You block Grinder's attack.
You barely miss Grinder.
Grinder is heavily wounded.
You barely miss the ball python.
The ball python bites you but does no damage.
The ball python grabs you. The ball python constricts you.
Grinder blinks!
The ball python barely misses you. The ball python constricts you.
You escape the ball python's grasp.
Found a potion of might.
You closely miss the ball python.
The ball python bites you but does no damage.
The ball python barely misses you. Grinder gestures at you.
You suddenly lose the ability to move!
The ball python bites you but does no damage.
The ball python grabs you. The ball python constricts you.
Grinder says, "There's only one good use for a tongue: cutting it out."
The ball python bites you. The ball python constricts you.
The ball python bites you but does no damage.
The ball python constricts you. Grinder hits you but does no damage.
The ball python bites you but does no damage.
The ball python constricts you. Grinder hits you!
You writhe in agony.
The ball python bites you but does no damage.
The ball python constricts you. Grinder gestures at you.
Pain shoots through your body!
* * * LOW HITPOINT WARNING * * *
The ball python bites you but does no damage.
The ball python constricts you. Grinder hits you.
You die...

#......#.....
#...#..#.#...#.
#.....##.#..##
#...####.#.# #...
###...# #
######.....# .#
#.....##..# #.#
....#######.##>.#####
.. ........5@......!
########.S.######
#####


You could see Grinder and a ball python.

Vanquished Creatures
  An ogre (D:3)
  An iguana (D:2)
  3 adders (D:2)
  A dart slug (D:1)
  8 bats
  3 endoplasms
  3 giant cockroaches
  5 hobgoblins
  4 jackals (D:2)
  4 quokkas
  A ball python (D:1)
  3 frilled lizards
  7 goblins
  A kobold (D:2)
  3 rats
48 creatures vanquished.

Notes
Turn   | Place    | Note
-------+----------+-------------------------------------------
     0 | D:1      | safid the Hill Orc Fighter began the quest for the Orb.
     0 | D:1      | Reached XP level 1. HP: 19/19 MP: 1/1
   419 | D:1      | Reached XP level 2. HP: 27/27 MP: 2/2
   452 | D:1      | Reached skill level 3 in Axes
  1160 | D:2      | Found Yfetuto's General Store.
  1205 | D:2      | Reached XP level 3. HP: 33/33 MP: 3/3
  1392 | D:2      | Found a faded altar of an unknown god.
  1473 | D:2      | Reached XP level 4. HP: 34/40 MP: 4/4
  1628 | D:2      | Reached skill level 4 in Axes
  1897 | D:3      | Noticed an ogre
  1904 | D:3      | HP: 2/40 [ogre/+0 giant spiked club (16)]
  1906 | D:3      | Killed an ogre
  1907 | D:3      | Reached skill level 6 in Axes
  1907 | D:3      | Reached XP level 5. HP: 3/46 MP: 5/5
  2306 | D:3      | Noticed Grinder
  2316 | D:3      | Paralysed by Grinder for 7 turns
  2320 | D:3      | HP: 2/46 [Grinder/nerve-wracking pain (12)]
  2321 | D:3      | Slain by Grinder

Illustrated notes

Levels and vault maps discovered:
D:1:      dpeg_arrival_circle_labyrinth_c, layout_basic
D:2:      layout_loops_ring, serial_shops, shop,
          hellmonk_ecumenical_altar_leap_of_faith
D:3:      layout_rooms, uniq_grinder

Skill      XL: |  1  2  3  4 |
---------------+-------------+-----
Axes           | 3 6 |  6.2
Fighting       | 4 |  4.0
Armour         | 4 |  4.0
Shields        | 4 |  4.0

Action                   |  1- 3 |  4- 6 || total
-------------------------+-------+-------++-------
Melee: War axe           |   106 |    50 ||   156
Throw: Boomerang         |       |     2 ||     2
Armor: Scale mail        |    56 |    22 ||    78
Dodge: Dodged            |    61 |    22 ||    83
Block: Buckler           |    22 |    10 ||    32
